General information
- name: BNet
- type: Ladder team game (AT/RT)
- host: Battle.net
- saver: Socrates
map: TwilightRuins
- players: 8
- length: 36:12
- speed: Fast
- version: 1.26 W3XP
- replay type: Public
» download(206 KB)
Players
team 1 (loser)
Glokamir (
teal | 44 APM | 1469 actions | 33:02)
5 Death Knight
3 Death Coil
2 Unholy Aura
4 Crypt Lord
2 Impale
2 Spiked Carapace
2 Pandaren Brewmaster
1 Breath of Fire
1 Drunken Haze
» actions
| Assign group hotkey | 7 | |
| Basic commands | 31 | |
| Build / train | 75 | |
| Enter build submenu | 18 | |
| Enter hero's abilities submenu | 11 | |
| Remove unit from queue | 4 | |
| Right click | 821 | |
| Select / deselect | 445 | |
| Select group hotkey | 5 | |
| Use ability | 52 | |
1469 total
» units
| Acolyte | 13 | |
| Ghoul | 7 | |
| Crypt Fiend | 8 | |
| Frost Wyrm | 12 | |
40 total
» upgrades
| Creature Attack | 3 | |
| Web | 1 | |
| Creature Carapace | 3 | |
| Freezing Breath | 1 | |
8 total
» buildings
| Crypt | 1 | |
| Graveyard | 1 | |
| Ziggurat | 9 | |
| Nerubian Tower | 1 | |
| Altar of Darkness | 1 | |
| Spirit Tower | 2 | |
| Halls of the Dead | 1 | |
| Tomb of Relics | 1 | |
| Sacrificial Pit | 1 | |
| Black Citadel | 1 | |
| Boneyard | 2 | |
21 total
» build order
00:11 Crypt
00:17 Graveyard
01:02 Ziggurat
01:17 Ziggurat
01:57 Nerubian Tower
02:03 Altar of Darkness
02:14 Spirit Tower
03:15 Halls of the Dead
03:29 Tomb of Relics
04:01 Ziggurat
05:55 Sacrificial Pit
06:46 Black Citadel
08:21 Ziggurat
09:36 Boneyard
11:33 Boneyard
11:48 Ziggurat
11:49 Ziggurat
11:51 Ziggurat
11:52 Ziggurat
11:53 Ziggurat
32:50 Spirit Tower
» items
| Rod of Necromancy | 1 | |
| Scroll of Town Portal | 1 | |
| Dust of Appearance | 1 | |
| Scroll of Healing | 1 | |
4 total
Socrates (
blue | 77 APM | 2805 actions | 36:12)
6 Blood Mage
3 Flame Strike
2 Siphon Mana
1 Summon Phoenix
» actions
| Assign group hotkey | 40 | |
| Basic commands | 302 | |
| Build / train | 176 | |
| ESC pressed | 3 | |
| Enter build submenu | 67 | |
| Enter hero's abilities submenu | 6 | |
| Give item / drop item | 2 | |
| Right click | 881 | |
| Select / deselect | 416 | |
| Select group hotkey | 724 | |
| Use ability | 188 | |
2805 total
» units
| Peasant | 18 | |
| Footman | 18 | |
| Goblin Shredder | 2 | |
| Sorceress | 1 | |
| Dragonhawk Rider | 4 | |
| Gryphon Rider | 5 | |
| Acolyte | 1 | |
49 total
» upgrades
| Masonry | 3 | |
| Sorceress Training | 2 | |
| Magic Sentry | 1 | |
| Lumber Harvesting | 2 | |
| Swords | 3 | |
| Armor | 3 | |
| Animal War Training | 1 | |
| Cloud | 1 | |
| Storm Hammers | 1 | |
| Defend | 1 | |
| Long Rifles | 1 | |
| Priest Training | 2 | |
| Control Magic | 1 | |
| Backpack | 1 | |
23 total
» buildings
| Altar of Kings | 1 | |
| Barracks | 1 | |
| Farm | 12 | |
| Arcane Vault | 2 | |
| Town Hall | 2 | |
| Scout Tower | 35 | |
| Arcane Tower | 4 | |
| Keep | 2 | |
| Lumber Mill | 1 | |
| Guard Tower | 51 | |
| Blacksmith | 1 | |
| Castle | 1 | |
| Arcane Sanctum | 1 | |
| Gryphon Aviary | 4 | |
118 total
» build order
00:04 Altar of Kings
00:10 Barracks
00:15 Farm
00:58 Farm
01:35 Arcane Vault
02:11 Arcane Vault
02:33 Farm
03:25 Farm
04:09 Town Hall
05:03 Farm
05:19 Scout Tower
05:23 Scout Tower
05:49 Arcane Tower
05:50 Arcane Tower
05:51 Arcane Tower
06:36 Keep
06:36 Keep
06:48 Scout Tower
06:54 Lumber Mill
07:11 Scout Tower
07:15 Scout Tower
07:17 Scout Tower
07:56 Guard Tower
07:57 Guard Tower
08:06 Blacksmith
08:18 Scout Tower
08:20 Scout Tower
08:23 Scout Tower
09:26 Guard Tower
09:28 Castle
09:32 Arcane Sanctum
10:29 Gryphon Aviary
10:31 Gryphon Aviary
10:41 Gryphon Aviary
10:43 Gryphon Aviary
12:02 Scout Tower
12:03 Scout Tower
12:03 Scout Tower
12:12 Scout Tower
12:33 Scout Tower
12:35 Guard Tower
12:39 Guard Tower
12:42 Guard Tower
12:43 Guard Tower
12:43 Guard Tower
12:43 Guard Tower
12:51 Scout Tower
12:53 Scout Tower
12:55 Scout Tower
12:59 Scout Tower
13:09 Guard Tower
15:25 Guard Tower
16:08 Scout Tower
16:09 Scout Tower
16:09 Scout Tower
16:10 Scout Tower
16:10 Scout Tower
16:11 Scout Tower
16:12 Scout Tower
17:03 Guard Tower
17:04 Guard Tower
17:04 Guard Tower
17:05 Guard Tower
17:05 Guard Tower
17:07 Guard Tower
17:41 Scout Tower
17:42 Scout Tower
17:43 Scout Tower
17:44 Scout Tower
17:45 Scout Tower
17:54 Scout Tower
18:14 Guard Tower
18:14 Guard Tower
18:34 Guard Tower
20:15 Farm
20:15 Farm
20:16 Farm
20:17 Farm
20:18 Farm
28:57 Farm
28:57 Farm
30:29 Town Hall
30:31 Scout Tower
30:31 Scout Tower
30:33 Scout Tower
30:37 Scout Tower
30:58 Guard Tower
30:59 Guard Tower
30:59 Guard Tower
31:48 Guard Tower
31:49 Guard Tower
» items
| Scroll of Regeneration | 5 | |
| Boots of Speed | 1 | |
| Potion of Invisibility | 2 | |
| Staff of Teleportation | 1 | |
| Lesser Clarity Potion | 8 | |
| Scroll of Town Portal | 4 | |
| Potion of Healing | 6 | |
| Periapt of Vitality | 1 | |
| Potion of Mana | 6 | |
34 total
hellfirex (
purple | 45 APM | 1384 actions | 30:29)
7 Blademaster
3 Wind Walk
3 Critical Strike
1 Bladestorm
» actions
| Assign group hotkey | 17 | |
| Basic commands | 2 | |
| Build / train | 86 | |
| Enter build submenu | 24 | |
| Enter hero's abilities submenu | 7 | |
| Give item / drop item | 4 | |
| Remove unit from queue | 1 | |
| Right click | 484 | |
| Select / deselect | 269 | |
| Select group hotkey | 388 | |
| Use ability | 102 | |
1384 total
» units
| Peon | 21 | |
| Grunt | 3 | |
| Troll Batrider | 23 | |
| Demolisher | 9 | |
56 total
» upgrades
| Spiked Barricades | 1 | |
| Berserker Strength | 1 | |
| Ranged Weapons | 2 | |
| Reinforced Defenses | 1 | |
| Liquid Fire | 1 | |
| Burning Oil | 1 | |
7 total
» buildings
| Altar of Storms | 2 | |
| Orc Burrow | 6 | |
| Barracks | 1 | |
| Voodoo Lounge | 1 | |
| War Mill | 1 | |
| Stronghold | 2 | |
| Great Hall | 1 | |
| Beastiary | 3 | |
| Fortress | 1 | |
| Watch Tower | 7 | |
25 total
» build order
00:21 Altar of Storms
00:37 Orc Burrow
00:53 Barracks
01:47 Orc Burrow
01:56 Voodoo Lounge
02:07 War Mill
03:15 Stronghold
03:15 Stronghold
04:06 Orc Burrow
05:11 Orc Burrow
05:51 Great Hall
06:15 Beastiary
06:19 Beastiary
06:21 Fortress
07:02 Watch Tower
08:29 Watch Tower
08:58 Orc Burrow
09:18 Watch Tower
09:27 Orc Burrow
09:55 Watch Tower
11:27 Beastiary
11:40 Watch Tower
11:50 Watch Tower
13:33 Watch Tower
30:21 Altar of Storms
» items
| Healing Salve | 3 | |
| Orb of Lightning | 1 | |
| Lesser Clarity Potion | 3 | |
| Talisman of Evasion | 1 | |
| Potion of Mana | 2 | |
10 total

»
tinker_factory (
green | 27 APM | 935 actions | 34:05)
6 Archmage
2 Summon Water Elemental
3 Brilliance Aura
1 Mass Teleport
5 Paladin
2 Divine Shield
3 Holy Light
» actions
| Assign group hotkey | 10 | |
| Basic commands | 82 | |
| Build / train | 80 | |
| ESC pressed | 5 | |
| Enter build submenu | 25 | |
| Enter hero's abilities submenu | 11 | |
| Give item / drop item | 1 | |
| Remove unit from queue | 1 | |
| Right click | 231 | |
| Select / deselect | 328 | |
| Select group hotkey | 65 | |
| Use ability | 96 | |
935 total
» units
| Peasant | 24 | |
| Footman | 4 | |
| Priest | 5 | |
| Gryphon Rider | 9 | |
42 total
» upgrades
| Defend | 1 | |
| Swords | 3 | |
| Armor | 4 | |
| Lumber Harvesting | 1 | |
| Priest Training | 2 | |
| Storm Hammers | 1 | |
12 total
» buildings
| Farm | 13 | |
| Altar of Kings | 1 | |
| Barracks | 1 | |
| Keep | 1 | |
| Blacksmith | 1 | |
| Town Hall | 1 | |
| Lumber Mill | 1 | |
| Arcane Sanctum | 1 | |
| Scout Tower | 3 | |
| Castle | 1 | |
| Guard Tower | 1 | |
| Gryphon Aviary | 3 | |
28 total
» build order
00:08 Farm
00:36 Altar of Kings
00:45 Farm
01:08 Barracks
01:45 Farm
02:23 Farm
03:10 Keep
03:41 Blacksmith
05:06 Farm
05:17 Town Hall
05:34 Lumber Mill
06:21 Arcane Sanctum
07:10 Scout Tower
07:48 Scout Tower
07:57 Castle
08:17 Scout Tower
09:11 Guard Tower
09:14 Farm
09:54 Farm
10:30 Farm
10:38 Gryphon Aviary
10:38 Gryphon Aviary
11:57 Gryphon Aviary
13:04 Farm
13:17 Farm
13:21 Farm
14:00 Farm
14:07 Farm
» items
| Potion of Lesser Invulnerability | 2 | |
| Boots of Speed | 1 | |
| Scroll of Healing | 1 | |
| Potion of Healing | 1 | |
| Potion of Mana | 1 | |
6 total
team 2 (winner)
BigWayneDC (
red | 33 APM | 1081 actions | 32:58)
5 Far Seer
3 Feral Spirit
2 Chain Lighting
2 Shadow Hunter
1 Healing Wave
1 Hex
» actions
| Assign group hotkey | 3 | |
| Basic commands | 23 | |
| Build / train | 80 | |
| Enter build submenu | 15 | |
| Enter hero's abilities submenu | 7 | |
| Give item / drop item | 1 | |
| Remove unit from queue | 5 | |
| Right click | 407 | |
| Select / deselect | 479 | |
| Use ability | 61 | |
1081 total
» units
| Peon | 18 | |
| Grunt | 4 | |
| Troll Headhunter/Berserker | 10 | |
| Raider | 2 | |
| Spirit Walker | 3 | |
| Shaman | 3 | |
| Troll Batrider | 4 | |
| Kodo Beast | 1 | |
| Tauren | 2 | |
47 total
» upgrades
| Melee Weapons | 2 | |
| Berserker Strength | 1 | |
| Pillage | 1 | |
| Shaman Training | 2 | |
| Ensnare | 1 | |
| Spirit Walker Training | 1 | |
| Troll Regeneration | 1 | |
| Armor | 2 | |
| War Drums Damage Increase | 1 | |
| Berserker Upgrade | 1 | |
| Pulverize | 1 | |
14 total
» buildings
| Altar of Storms | 1 | |
| Orc Burrow | 6 | |
| Barracks | 1 | |
| Voodoo Lounge | 1 | |
| Stronghold | 1 | |
| War Mill | 1 | |
| Spirit Lodge | 1 | |
| Beastiary | 1 | |
| Great Hall | 3 | |
| Fortress | 1 | |
| Tauren Totem | 1 | |
18 total
» build order
00:07 Altar of Storms
00:14 Orc Burrow
01:17 Barracks
01:30 Orc Burrow
02:32 Voodoo Lounge
02:59 Stronghold
03:42 War Mill
05:55 Orc Burrow
05:56 Orc Burrow
06:20 Spirit Lodge
06:26 Beastiary
07:36 Great Hall
07:47 Fortress
13:59 Tauren Totem
14:15 Orc Burrow
14:16 Orc Burrow
15:43 Great Hall
16:08 Great Hall
» items
| Healing Salve | 2 | |
| Lesser Clarity Potion | 1 | |
3 total
Joro (
yellow | 89 APM | 3218 actions | 36:12)
10 Blademaster
3 Wind Walk
3 Critical Strike
1 Bladestorm
3 Mirror Image
» actions
| Assign group hotkey | 108 | |
| Basic commands | 7 | |
| Build / train | 113 | |
| Enter build submenu | 52 | |
| Enter hero's abilities submenu | 9 | |
| Give item / drop item | 13 | |
| Right click | 1322 | |
| Select / deselect | 451 | |
| Select group hotkey | 815 | |
| Use ability | 328 | |
3218 total
» units
| Peon | 18 | |
| Grunt | 4 | |
| Goblin Shredder | 6 | |
| Troll Batrider | 21 | |
| Wind Rider | 1 | |
50 total
» upgrades
| Pillage | 1 | |
| Armor | 3 | |
| Reinforced Defenses | 1 | |
| Troll Regeneration | 1 | |
| Spiked Barricades | 1 | |
7 total
» buildings
| Orc Burrow | 5 | |
| Altar of Storms | 1 | |
| Barracks | 1 | |
| Voodoo Lounge | 1 | |
| War Mill | 1 | |
| Stronghold | 1 | |
| Watch Tower | 44 | |
| Great Hall | 3 | |
| Fortress | 1 | |
| Beastiary | 4 | |
62 total
» build order
00:15 Orc Burrow
00:39 Altar of Storms
00:55 Barracks
01:28 Orc Burrow
01:46 Voodoo Lounge
02:50 War Mill
03:28 Stronghold
04:04 Watch Tower
04:09 Watch Tower
04:28 Watch Tower
05:26 Watch Tower
05:31 Watch Tower
05:42 Orc Burrow
06:00 Great Hall
06:12 Watch Tower
06:47 Watch Tower
08:09 Watch Tower
08:10 Watch Tower
08:11 Watch Tower
08:11 Watch Tower
11:22 Fortress
11:27 Watch Tower
11:27 Watch Tower
11:29 Watch Tower
11:30 Watch Tower
11:31 Watch Tower
11:31 Watch Tower
15:15 Beastiary
15:16 Beastiary
15:18 Beastiary
15:25 Watch Tower
15:26 Watch Tower
15:26 Watch Tower
15:26 Watch Tower
15:27 Watch Tower
15:28 Watch Tower
16:33 Great Hall
16:38 Great Hall
16:42 Watch Tower
16:42 Watch Tower
16:42 Watch Tower
16:43 Watch Tower
16:44 Watch Tower
16:45 Watch Tower
16:45 Watch Tower
16:45 Watch Tower
18:00 Beastiary
23:17 Orc Burrow
23:20 Orc Burrow
23:59 Watch Tower
24:03 Watch Tower
24:07 Watch Tower
25:23 Watch Tower
26:39 Watch Tower
26:39 Watch Tower
26:40 Watch Tower
26:41 Watch Tower
26:41 Watch Tower
26:42 Watch Tower
26:42 Watch Tower
» items
| Healing Salve | 10 | |
| Lesser Clarity Potion | 7 | |
| Potion of Mana | 9 | |
| Potion of Healing | 5 | |
| Boots of Speed | 1 | |
| Staff of Teleportation | 1 | |
| Periapt of Vitality | 3 | |
| Orb of Lightning | 1 | |
| Scroll of Town Portal | 5 | |
| Scroll of Healing | 1 | |
43 total
jasonpaulknedel (
pink | 20 APM | 413 actions | 21:08)
» actions
| Basic commands | 45 | |
| Build / train | 63 | |
| Enter build submenu | 29 | |
| Select / deselect | 227 | |
| Use ability | 49 | |
413 total
» units
| Peasant | 11 | |
| Footman | 29 | |
| Rifleman | 9 | |
49 total
» upgrades
| Lumber Harvesting | 1 | |
| Long Rifles | 1 | |
2 total
» buildings
| Barracks | 1 | |
| Farm | 4 | |
| Scout Tower | 19 | |
| Arcane Tower | 11 | |
| Town Hall | 1 | |
| Keep | 1 | |
| Lumber Mill | 1 | |
| Blacksmith | 1 | |
39 total
» build order
00:29 Barracks
00:48 Farm
01:30 Farm
02:10 Farm
03:11 Scout Tower
03:45 Arcane Tower
03:50 Farm
04:00 Scout Tower
04:38 Arcane Tower
09:12 Town Hall
10:27 Scout Tower
10:33 Scout Tower
10:59 Arcane Tower
11:02 Arcane Tower
11:05 Scout Tower
11:09 Scout Tower
11:15 Keep
11:37 Arcane Tower
11:45 Arcane Tower
12:36 Lumber Mill
13:45 Blacksmith
15:35 Scout Tower
15:40 Scout Tower
15:45 Scout Tower
15:52 Scout Tower
16:15 Arcane Tower
16:19 Arcane Tower
16:30 Arcane Tower
16:34 Arcane Tower
16:50 Scout Tower
17:38 Scout Tower
17:45 Scout Tower
19:16 Scout Tower
19:22 Scout Tower
19:28 Scout Tower
19:35 Scout Tower
19:40 Scout Tower
19:45 Scout Tower
19:47 Arcane Tower

»
Zack (
orange | 23 APM | 390 actions | 16:47)
4 Mountain King
2 Thunder Clap
2 Storm Bolt
» actions
| Build / train | 43 | |
| Enter build submenu | 16 | |
| Enter hero's abilities submenu | 4 | |
| Right click | 129 | |
| Select / deselect | 170 | |
| Use ability | 28 | |
390 total
» units
| Peasant | 18 | |
| Footman | 7 | |
| Gryphon Rider | 5 | |
30 total
» upgrades
| Swords | 1 | |
| Lumber Harvesting | 2 | |
| Storm Hammers | 1 | |
| Armor | 1 | |
| Animal War Training | 1 | |
6 total
» buildings
| Altar of Kings | 1 | |
| Barracks | 1 | |
| Farm | 8 | |
| Lumber Mill | 1 | |
| Keep | 1 | |
| Blacksmith | 1 | |
| Castle | 1 | |
| Gryphon Aviary | 2 | |
| Town Hall | 1 | |
17 total
» build order
00:34 Altar of Kings
00:42 Barracks
00:45 Farm
01:08 Farm
01:32 Lumber Mill
02:58 Farm
03:33 Keep
03:42 Farm
03:57 Blacksmith
04:25 Farm
05:56 Farm
06:01 Castle
06:41 Farm
06:49 Gryphon Aviary
06:55 Gryphon Aviary
07:24 Farm
08:54 Town Hall
Chat log
(01:25 / All) Joro: What's everyone's favorite batman movie?
(01:43 / All) hellfirex: begins
(01:47 / All) Socrates: I don't know but latency from Sweden is a bitch
(01:52 / All) Joro: just finished watching Begins
(02:02 / All) Joro: awesome
(02:05 / All) Joro: hadn't seen it since 2005
(02:38 / All) Joro: all of nolan's batmans are awesome in their own right
(02:46 / Allies) hellfirex: t
(02:48 / All) hellfirex: true
(07:52 / All) Joro: LAAAAGGGGGG
(11:25 / All) Socrates: that was 1 hero when I have 700ms latency lol
(14:41 / All) Socrates: lol
(16:49 / All) Socrates: lol
(21:14 / All) Socrates: lol
(21:42 / Allies) Glokamir: panda time
(24:45 / All) BigWayneDC: all air faggots
(25:19 / All) Glokamir: So many towers
(25:27 / All) BigWayneDC: cause ya some air faggots
(25:31 / Allies) tinker_factory: wtf
(25:42 / Allies) tinker_factory: fagget socrates
(28:25 / All) Socrates: What is law? What is unlaw? The man who cannot answer these is a slave
(28:40 / Allies) Glokamir: And the man who backstabs is a dick
(28:50 / All) Socrates: Socrates is not a dick. What are you, Abilciades?
(30:33 / All) Glokamir: Well you guys win because we have some idiot on our team
(30:41 / All) BigWayneDC: ?
(30:47 / All) BigWayneDC: what happened rofl
(30:48 / All) Socrates: I backstabbed all of my allies
(30:50 / All) tinker_factory: socrates is a pker
(30:50 / All) Socrates: watch replay
(30:51 / All) Glokamir: Socraties is team killing is\
(30:59 / Allies) Glokamir: Like a dumbass
(31:14 / All) BigWayneDC: the faults of playing a online gaming
(31:20 / All) BigWayneDC: teamates are unpredictable
(31:21 / All) Glokamir: Yeah.
(31:25 / All) Glokamir: And stupid
(31:29 / All) Socrates: Yellow and I were in this from the start'
(31:31 / All) Socrates: We are friends
(31:32 / All) Socrates: it was a ruse
(31:39 / All) Socrates: you never had a chance, none of you
(31:41 / All) Socrates: including you red
(31:43 / All) Socrates: and you still have none
(31:46 / All) BigWayneDC: rofl
(32:07 / All) Glokamir: Yes because blue is an idiot.
(32:18 / All) Glokamir: Seriously go attack his bases
(32:32 / All) BigWayneDC: who
(32:33 / All) BigWayneDC: ?
(32:35 / All) BigWayneDC: me
(32:42 / All) Glokamir: No socraties is
(32:54 / All) BigWayneDC: well im out
(32:58 / All) Glokamir: Same
(34:04 / All) Socrates: I would have done al ot better this game if I remembered to turn off my vpn
(34:20 / All) Socrates: Red gets the loss
(34:23 / All) Socrates: oh he left
(34:24 / All) Socrates: nevermind
(34:27 / All) Socrates: stats
(34:32 / All) Joro: stats em
(34:34 / All) Socrates: Teal 0-0, purp 0-1
(34:46 / All) Socrates: green is 12-16
(34:49 / All) Joro: orange has best record on my team
(34:50 / All) Joro: 4-5
(34:53 / All) Joro: red 0-0
(34:56 / All) Socrates: he is awful
(34:58 / All) Joro: pink 0-2
(34:59 / All) Socrates: lordaeron is shit
(35:08 / All) Socrates: AT LEAST IT HAS NO BACKSTABBERS!!!!
(35:11 / All) Joro: teal whiend the most
(35:24 / All) Socrates: It's between orange and teal
(35:28 / All) Socrates: teal is 0-0 though
(35:32 / All) Joro: orange didn't rage
(35:34 / All) Joro: just left
(35:44 / All) Socrates: teal might just make a new account
(35:59 / All) Joro: your team whined my team didn't
(36:05 / All) Socrates: Mine gets the loss